 Dungeon Crawl Stone Soup version 0.31.0-11-ge490571c62 (webtiles) character file.

Game seed: 1958614784815314570

42 qw the Shooter (level 3, 0/18 HPs)
             Began as a Spriggan Hunter on Feb 4, 2024.
             Slain by a goblin
             ... wielding a +0 dagger
              (3 damage)
             ... on level 2 of the Dungeon.
             The game lasted 00:00:03 (1042 turns).

qw the Shooter (Spriggan Hunter)                    Turns: 1042, Time: 00:00:03

Health: 0/18       AC:  2    Str:  7    XL:     3   Next: 33%
Magic:  4/4        EV: 10    Int: 10    God:
Gold:   47         SH:  0    Dex: 20    Spells: 2/2 levels left

rFire   . . .        a - +0 shortbow
rCold   . . .        (shield currently unavailable)
rNeg    . . .        c - +0 robe
rPois   +            (helmet restricted)
rElec   .            (no cloak)
rCorr   .            (gloves unavailable)
SInv    +            (boots unavailable)
Will    .....        (no amulet)
Stlth   ++           b - ring of poison resistance
HPRegen 0.23/turn    (no ring)
MPRegen 0.09/turn

%: no passive effects
@: held, very quick
A: very small, no large weapons, unfitting armour, see invisible, speed 3
a: no special abilities


You were on level 2 of the Dungeon.
You visited 1 branch of the dungeon, and saw 2 of its levels.

You collected 47 gold pieces.


Innate Abilities, Weirdness & Mutations

You are very small and have problems with some larger weapons.
You are too small for most types of armour.
You have supernaturally acute eyesight. (SInv)
You cover ground extremely quickly. (Speed+++)


   Skills:
 - Level 1.5 Fighting
 + Level 4.6 Ranged Weapons
 - Level 4.0 Dodging
 - Level 1.5 Stealth


You had 2 spell levels left.
You didn't know any spells.
Your spell library was empty.

Inventory:

Hand Weapons
 a - a +0 shortbow (weapon)
Armour
 c - a +0 robe (worn)
Jewellery
 b - a ring of poison resistance (left hand)
Wands
 e - a wand of charming (10)
Scrolls
 d - a scroll of teleportation {unknown}

Dungeon Overview and Level Annotations

Branches:
Dungeon (2/15)

Altars:


Message History

You shoot an arrow. The arrow hits the adder.
The adder is lightly wounded.
You shoot an arrow. The arrow hits the adder!
The adder is almost dead.
The adder misses you. The adder bites you.
You shoot an arrow. The arrow barely misses the adder.
The adder misses you.
You shoot an arrow. The arrow hits the adder.
You kill the adder!
You start resting.
HP restored.
You see here an adder corpse.
A hobgoblin, a frilled lizard and a goblin come into view.
The frilled lizard hisses angrily.
You hear a shout!
A rat comes into view.
A ribbon worm comes into view.
You hear an angry hiss.
The rat squeaks loudly.
You hear a shout!
You shoot an arrow.
The arrow hits the ribbon worm but does no damage.
You shoot an arrow. The arrow hits the ribbon worm.
The ribbon worm is lightly wounded.
An adder comes into view.
You shoot an arrow. The adder hisses angrily.
The arrow hits the ribbon worm.
The ribbon worm is moderately wounded.
You shoot an arrow. The arrow hits the ribbon worm.
The ribbon worm is moderately wounded.
The ribbon worm bites you.
A goblin comes into view.
It is wielding the +5 sling "Vaeluypt" {heavy, rC+ Str+6}.
You shoot an arrow.
The arrow barely misses the ribbon worm.
The ribbon worm expels a string of sticky webbing.
The stream of webbing hits you but does no damage.
You are caught in a web!
The goblin closely misses you. The ribbon worm barely misses you.
The goblin hits you with a +0 dagger. The rat bites you.
The ribbon worm bites you. The adder bites you but does no damage.
The goblin hits you with a +0 dagger. The rat barely misses you.
The ribbon worm bites you. The adder barely misses you.
The goblin hits you with a +0 dagger.
You die...

#.#...## #.#
#......####.#
####.....#..#
######.#.....###
#....%....#....#
#..................
#..............#.(..
............####......
..#......g@## #..... .
#......rSw.g..#.....
.....)...gl##..#.#..
.######.#.## # #.#.#
#.#.# #.#.# #..


You could see a ribbon worm, an adder, a hobgoblin, 2 goblins, a frilled lizard
and a rat.

Vanquished Creatures
  2 adders (D:2)
  A dart slug (D:1)
  2 bats
  An endoplasm (D:2)
  2 goblins (D:1)
  4 hobgoblins (D:1)
  A kobold (D:2)
  A quokka (D:1)
  3 ball pythons (D:1)
  3 frilled lizards
20 creatures vanquished.

Notes
Turn   | Place    | Note
-------+----------+-------------------------------------------
     0 | D:1      | qw the Spriggan Hunter began the quest for the Orb.
     0 | D:1      | Reached XP level 1. HP: 10/10 MP: 2/2
     0 | D:1      | 0 ||| qw: Version: 0.3-a-160-g6735b56
     0 | D:1      | 0 ||| qw: Game counter: 5448
     0 | D:1      | 0 ||| qw: Melee chars always use a shield: true
     0 | D:1      | 0 ||| qw: God list: Okawaru
     0 | D:1      | 0 ||| qw: Allow faded altars: false
     0 | D:1      | 0 ||| qw: Do Orc after clearing Dungeon:15 true
     0 | D:1      | 0 ||| qw: Do second Lair branch before Depths: true
     0 | D:1      | 0 ||| qw: Lair rune preference: random
     0 | D:1      | 0 ||| qw: Goals: Normal
     0 | D:1      | 0 ||| PLANNING D:1-11
    27 | D:1      | Reached skill level 3 in Dodging
   145 | D:1      | Reached XP level 2. HP: 14/14 MP: 3/3
   316 | D:1      | Found a faded altar of an unknown god.
   401 | D:1      | 401 ||| READING scroll labelled XEICHEBELING.
   401 | D:1      | 401 ||| IDENTIFYING bubbling red potion
   402 | D:1      | 402 ||| DROPPING scroll of butterflies.
   403 | D:1      | 403 ||| DROPPING potion of brilliance.
   740 | D:1      | 740 ||| UPGRADING to ring of poison resistance.
   741 | D:1      | 741 ||| DROPPING ring of magical power.
   742 | D:1      | 742 ||| READING scroll labelled YLE ZETIMPIFF.
   743 | D:1      | 743 ||| READING scroll labelled EPOIGA AWAC.
   743 | D:1      | 743 ||| ENCHANTING +0 shortbow.
   799 | D:2      | 799 ||| STAIRDANCE
   894 | D:2      | Reached XP level 3. HP: 6/18 MP: 4/4
   896 | D:2      | HP: 4/18 [poisoned by an adder]
  1037 | D:2      | Identified the +5 sling "Vaeluypt" {heavy, rC+ Str+6}
  1041 | D:2      | HP: 2/18 [ribbon worm (3)]
  1042 | D:2      | Slain by a goblin

Levels and vault maps discovered:
D:1:      erik_arrival_cave_to_civilisation [erik_arrival_cave_to_hall],
          layout_loops_ring, shapermc_ecumenical_altar_totnotflames,
          nicolae_eternal_life
D:2:      layout_rooms, basic_altar, kennysheep_decorative_pillar,
          minmay_close_crescents

Skill      XL: |  1  2 |
---------------+-------+-----
Dodging        | 3 4 |  4.0
Fighting       | |  1.5
Ranged Weapons | |  4.6
Stealth        | |  1.5

Action                     || total
---------------------------++-------
   Fire: Shortbow          ||    64
    Use: Scroll            ||     3
 Armour: Robe              ||    19
  Dodge: Dodged            ||    17

Table legend:
 A = Non-vault XP
 B = Vault XP
 C = Vault XP percentage of total XP
 D = Non-vault monster count
 E = Vault monster count
 F = Vault count percentage of total count
                 A         B        C        D         E       F
            +---------+---------+-------+---------+---------+-------
      Total |      55 |       5 |   8.3 |      18 |       2 |  10.0
            +---------+---------+-------+---------+---------+-------
        D:1 |      22 |       5 |  18.5 |      12 |       2 |  14.3
        D:2 |      33 |       0 |   0.0 |       6 |       0 |   0.0
            +---------+---------+-------+---------+---------+-------
